 Dungeon Crawl Stone Soup version 0.28-a0-1444-g6c55d0bc0c (webtiles) character file.

Game seed: 10674339427672133140

6 Deminshera the Vexing (level 1, 0/16 HPs)
             Began as a Demonspawn Wanderer on Jan 10, 2022.
             Slain by a quokka (5 damage)
             ... on level 1 of the Dungeon.
             The game lasted 00:00:38 (546 turns).

Deminshera the Vexing (Demonspawn Wanderer)          Turns: 546, Time: 00:00:38

Health: 0/16       AC:  2    Str: 11    XL:     1   Next: 75%
Magic:  2/2        EV: 12    Int: 17    God:
Gold:   37         SH:  0    Dex:  9    Spells: 2/2 levels left

rFire   . . .      SeeInvis .   a - +0 club
rCold   . . .      Faith    .   (no shield)
rNeg    . . .      Spirit   .   b - +0 robe
rPois   .          Reflect  .   (no helmet)
rElec   .          Harm     .   (no cloak)
rCorr   .          Rampage  .   (no gloves)
Will    .....                   (no boots)
Stlth   ++........              (no amulet)
HPRegen 0.05/turn               (no ring)
MPRegen 0.08/turn               (no ring)

@: no status effects
A: no striking features
a: no special abilities


You were on level 1 of the Dungeon.
You visited 1 branch of the dungeon, and saw 1 of its levels.

You collected 37 gold pieces.

Inventory:

Hand Weapons
 a - a +0 club (weapon)
Armour
 b - a +0 robe (worn)
Scrolls
 e - a scroll of identify {unknown}
Potions
 c - a potion of curing
 d - a potion of haste {unknown}


   Skills:
 - Level 2.0 Fighting
 - Level 1.0 Throwing
 - Level 2.0 Dodging
 + Level 1.6 Stealth
 - Level 1.0 Spellcasting
 - Level 2.0 Hexes
 - Level 1.0 Translocations


You had 2 spell levels left.
You didn't know any spells.
Your spell library contained the following spells:

 Spells                   Type           Power      Damage    Failure   Level
 Slow                     Hex            28%        N/A       10%         1
 Apportation              Tloc           8%         N/A       14%         1
 Portal Projectile        Hex/Tloc       10%        N/A       34%         3
 Gell's Gravitas          Tloc           4%         N/A       38%         3
 Conjure Flame            Conj/Fire      0%         6-21      54%         3
 Ignite Poison            Fire/Tmut/Pois 0%         N/A       54%         3
 Leda's Liquefaction      Hex/Erth       2%         N/A       80%         4
 Sticky Flame             Conj/Fire      0%         2d3       91%         4


Dungeon Overview and Level Annotations

Branches:
Dungeon (1/15)

Altars:


Message History

You see here a hobgoblin corpse.
No target in view!
You pick up an Everburning Encyclopedia and begin reading...
You add the spells Conjure Flame, Ignite Poison and Sticky Flame to your library.
No target in view!
Found a stone staircase leading down.
No target in view!
No target in view!
No target in view!
Okay, then.
You now have 26 gold pieces (gained 15).
You open the door.
There is an open door here.
You now have 37 gold pieces (gained 11).
You open the door.
There is an open door here.
e - a scroll labelled EKHLUTH YXTE A quokka comes into view.
A quokka is nearby!
You closely miss the quokka. The quokka bites you. The quokka misses you.
You barely miss the quokka. The quokka closely misses you.
You hit the quokka but do no damage. The quokka bites you.
The quokka barely misses you.
You hit the quokka but do no damage. The quokka closely misses you.
You hit the quokka.
The quokka is severely wounded.
The quokka closely misses you. The quokka barely misses you.
You barely miss the quokka.
The quokka is severely wounded.
The quokka closely misses you. The quokka bites you.
You are too injured to fight recklessly!
You are too injured to fight recklessly!
You are too injured to fight recklessly!
You barely miss the quokka.
The quokka is severely wounded.
The quokka bites you.
You closely miss the quokka.
The quokka is severely wounded.
The quokka closely misses you. The quokka bites you.
You die...

### .. .. #
.# ##.#
.#... ##r#.#
# #@...##.#
# #.......#
#.##.##.####
#.......#
####.####
#.......#
#.##.##.#
#+##
#.##.##.#
##...##
#.##.##.#
##.....##


You could see a quokka.

Vanquished Creatures
  An endoplasm (D:1)
  2 hobgoblins (D:1)
  A quokka (D:1)
  A rat (D:1)
5 creatures vanquished.

Notes
Turn   | Place    | Note
-------+----------+-------------------------------------------
     0 | D:1      | Deminshera the Demonspawn Wanderer began the quest for the
                  | Orb.
     0 | D:1      | Deminshera set off with the following items: a +0 club, a
                  | +0 robe, a potion of curing; and the following spells
                  | available to memorise: Slow, Apportation, Portal
                  | Projectile, Gell's Gravitas, Leda's Liquefaction
     0 | D:1      | Reached XP level 1. HP: 16/16 MP: 2/2
   546 | D:1      | Slain by a quokka

Illustrated notes

Levels and vault maps discovered:
D:1:      wander_arrival_lonely_grave, layout_loops_corners,
          shapermc_ecumenical_altar_notcrosses

Skill      XL: |  1 |
---------------+----+-----
Dodging        | 2 |  2.0
Fighting       | |  2.0
Throwing       | |  1.0
Stealth        | |  1.6
Spellcasting   | |  1.0
Hexes          | |  2.0
Translocations | |  1.0

Action                   || total
-------------------------++-------
Melee: Club              ||    25
       Punch             ||     1
 Stab: Sleeping          ||     1
Dodge: Dodged            ||    18

Table legend: (Time is in decaauts)
 A = Elapsed time spent in this place.
 B = Non-inter-level travel time spent in this place.
 C = Inter-level travel time spent in this place.
 D = Time resting spent in this place.
 E = Time spent auto-exploring this place.
 F = Levels seen in this place.
 G = Mean time per level.
                   A        B        C        D        E       F      G
               +--------+--------+--------+--------+--------+-----+--------+
         Total |    553 |    553 |      0 |      0 |    494 |   1 |  553.0 |
       Dungeon |    553 |    553 |      0 |      0 |    494 |   1 |  553.0 |
               +--------+--------+--------+--------+--------+-----+--------+

Top non-repeatable levels by time:
     D:1: 553 daAuts
